 Dungeon Crawl Stone Soup version 0.13-a0-2884-gbbf8bdf (webtiles) character file.

51140 PolkaDot the Unseen (level 14, -3/68 HPs)
             Began as a Vampire Enchanter on Aug 29, 2013.
             Was the Champion of Ashenzari.
             Killed by divine providence
             ... invoked by an orc high priest
              (15 damage)
             ... on Level 4 of the Orcish Mines.
             The game lasted 02:57:27 (22843 turns).

PolkaDot the Unseen (Vampire Enchanter)            Turns: 22843, Time: 02:57:27

HP  -3/68        AC  6     Str  8      XL: 14   Next: 18%
MP  22/27        EV 20     Int 25      God: Ashenzari [******]
Gold 1023        SH 17     Dex 18      Spells:  6 memorised,  3 levels left

Res.Fire  : + . .   See Invis. : +   a - +5 dagger (curse) {=f}
Res.Cold  : + . .   Warding    : .   S - +2 robe {rC+ rF+} (curse)
Life Prot.: + . .   Conserve   : .   s - +3 dwarf buckler (curse)
Res.Poison: .       Res.Corr.  : +   q - +0 cap {Int+3}
Res.Elec. : +       Clarity    : +   g - +0 cloak (curse)
Sust.Abil.: . .     Spirit.Shd : .   t - +0 pair of elf gloves
Res.Mut.  : .       Stasis     : .   p - +0 pair of boots of the Good {rElec}
Res.Rott. : .       Flight     : .   x - cursed amulet of resist corrosion
Saprovore : . . .                    N - cursed +3 ring of dexterity
                                     F - cursed ring of the Establishment {Hunger-

@: invisible, very slightly contaminated, somewhat resistant to hostile
enchantments, incredibly stealthy
A: bottle blood, fangs 3, see invisible, deformed body, -20% hp, electricity
resistance, unbreathing
a: Bat Form, Bottle Blood, Scrying, Transfer Knowledge, Renounce Religion


You were on level 4 of the Orcish Mines.
You worshipped Ashenzari.
Ashenzari was exalted by your worship.
You were not thirsty.

You visited 5 branches of the dungeon, and saw 25 of its levels.

You collected 2184 gold pieces.
You spent 1181 gold pieces at shops.

Inventory:

Hand weapons
 a - a cursed +5,+5 dagger (weapon) {=f}
 o - a -1,+2 orcish dagger of holy wrath (quivered)
Armour
 g - a cursed +0 cloak (worn)
 l - the +1 buckler of Supple Strength {rElec Dam+4 SInv}
   (You bought it in a shop on level 1 of the Orcish Mines)

   It affects your damage-dealing abilities (+4).
   It insulates you from electricity.
   It enhances your eyesight.
 p - the +0 pair of boots of the Good (worn) {rElec}
   (You bought it in a shop on level 4 of the Orcish Mines)

   It insulates you from electricity.
 q - a +0 cap of intelligence (worn)
 s - a cursed +3 dwarven buckler (worn)
 t - a +0 pair of elven gloves (worn)
 S - a cursed +2 robe of resistance (worn)
Magical devices
 e - a wand of paralysis (10)
 j - a wand of teleportation (4)
 v - a wand of digging (1)
Scrolls
 i - 8 scrolls of teleportation
 k - 7 scrolls of identify
 m - a scroll of curse armour
Jewellery
 x - a cursed amulet of resist corrosion (around neck)
 F - the cursed ring of the Establishment (left hand) {Hunger- Int+3}
   (You found it on level 7 of the Lair of Beasts)

   [ring of sustenance]

   It affects your intelligence (+3).
   It has a curse placed upon it.
 N - a cursed +3 ring of dexterity (right hand)
Potions
 d - 9 potions of curing
 f - a potion of agility
 h - 2 potions of might
 n - a potion of blood
 r - 3 potions of coagulated blood
 A - 2 potions of brilliance
 C - a potion of heal wounds
 E - a potion of speed
Books
 b - a book of Necromancy

   Spells                             Type                      Level
   Pain                               Necromancy                   1
   Animate Skeleton                   Necromancy                   1
   Lethal Infusion                    Charms/Necromancy            2
   Vampiric Draining                  Necromancy                   3
   Regeneration                       Charms/Necromancy            3
   Animate Dead                       Necromancy                   4
   Control Undead                     Necromancy                   4
 c - a book of Maledictions

   Spells                             Type                      Level
   *Corona                            Hexes                        1
   Sure Blade                         Hexes/Charms                 2
   *Ensorcelled Hibernation           Hexes/Ice                    2
   *Confuse                           Hexes                        3
   *Enslavement                       Hexes                        4
   *Invisibility                      Hexes                        6
 y - a book of the Tempests

   Spells                             Type                      Level
   Static Discharge                   Conjuration/Air              3
   Lightning Bolt                     Conjuration/Air              5
   Fireball                           Conjuration/Fire             5
   Tornado                            Air                          9
   Shatter                            Earth                        9
 z - a book of Annihilations {highlevel}

   This book is beyond your current level of understanding.

   Spells                             Type                      Level
   Poison Arrow                       Conjuration/Poison           6
   Orb of Destruction                 Conjuration                  7
   Chain Lightning                    Conjuration/Air              8
   Lehudib's Crystal Spear            Conjuration/Earth            8
   Ice Storm                          Conjuration/Ice              9
   Fire Storm                         Conjuration/Fire             9
 Q - a book of Power

   Spells                             Type                      Level
   Iskenderun's Mystic Blast          Conjuration                  4
   Venom Bolt                         Conjuration/Poison           5
   Bolt of Magma                      Conjuration/Fire/Earth       5
   *Fulminant Prism                   Conjuration/Hexes            5
   Iron Shot                          Conjuration/Earth            6
   Orb of Destruction                 Conjuration                  7


   Skills:
 - Level 8.0(12.4) Short Blades
 - Level 0.7 Throwing
 * Level 9.7 Dodging
 + Level 19.3 Stealth
 - Level 4.9(7.9) Shields
 - Level 5.5 Spellcasting
 - Level 4.0(8.2) Conjurations
 + Level 18.6(22.2) Hexes
 - Level 5.8(10.3) Ice Magic


You had 3 spell levels left.
You knew the following spells:

 Your Spells              Type           Power        Failure   Level  Hunger
a - Corona                Hex            #######      0%          1    None
c - Confuse               Hex            #######.     0%          3    ##.....
d - Ensorcelled Hibernat  Hex/Ice        ######       0%          2    None
e - Enslavement           Hex            #######.     0%          4    ###....
i - Invisibility          Hex            #######.     1%          6    ######.
Q - Fulminant Prism       Conj/Hex       ######....   1%          5    #####..


Dungeon Overview and Level Annotations

Branches:
Dungeon (11/27)            Temple (1/1) D:4             Orc (4/4) D:8
    Elf (0/3) Orc:3          Lair (8/8) D:8          Shoals (1/5) Lair:5
  Snake (0/5) Lair:6        Slime (0/6) Lair:8

Altars:
Ashenzari
Cheibriados
Elyvilon
Fedhas
Kikubaaqudgha
Makhleb
Nemelex Xobeh
Okawaru
Sif Muna
Trog
Vehumet
Xom
Yredelemnul
Zin
the Shining One
Jiyva

Shops:
D:8 (   D:10 =   Orc:1 [   Orc:4 [

Annotations:
Lair:4 Bastard's ghost, powerful HaBe


Innate Abilities, Weirdness & Mutations

You can bottle blood from corpses.
You have razor-sharp teeth.*
You have supernaturally acute eyesight.
You can survive without breathing.*
Armour fits poorly on your strangely shaped body.*
You are very frail (-20% HP).
You are resistant to electric shocks.*+


Message History

2 orc warriors and an orc priest come into view. 2 orc warriors come into view.
An orc priest comes into view. It is wielding an orcish morningstar.
An orc high priest comes into view. It is wielding an orcish great mace.
The helpless orc warrior fails to defend itself.
You chop the orc warrior into pieces!!!!!
You kill the orc warrior!
You smell fresh blood.
The orc high priest utters an invocation to Beogh.
The orc high priest invokes the aid of Beogh against you.
Something smites you! The ynoxinul gestures at you. The iron shot hits you!
* * * LOW HITPOINT WARNING * * *
The orc high priest calls down the wrath of Beogh upon you.
Something smites you!
* * * LOW HITPOINT WARNING * * *
The orc high priest mumbles some strange prayers to Beogh against you.
Something smites you!
You die...

###.#.### ###.#.
#.....# ###.#...
###.#.### #.......
##..oo...## #...#...
#..#...#).# #..##...
##...3.....## #.......
#...#...#...# ##......
##...........###...#...
#....#@.)#)...##.......
#.......).....##.......
#....#...#....##.......
#............)##....$..
#....#)[[#....##.......
##.....)[....###..#....
#...#%%%#...# #.......
##...[[....## #..#....
#..#...#..# #.#.....


You could see an orc high priest, a ynoxinul and an orc priest (wandering).

Vanquished Creatures
  Maud (Lair:3)
  4 hydras
  Erica (D:10)
  The ghost of disskorpion the Thaumaturge, a powerful DEFE of Vehumet (Lair:3)
  9 death yaks
  An orc high priest (Orc:4)
  A deep troll shaman (Lair:8)
  The ghost of patman the Fighter, an experienced HOGl of Kikubaaqudgha (Lair:2)
  2 catoblepae
  An unseen horror (D:11)
  An ice devil (Orc:4)
  4 orc knights
  3 hill giants
  3 griffons
  2 black mambas
  3 elephants (Lair:8)
  An orange demon (Orc:4)
  8 spiny frogs
  A mermaid (Lair:5)
  4 komodo dragons
  6 fire drakes (Lair:4)
  21 blink frogs
  An iron devil (Orc:4)
  A polar bear (Lair:4)
  A troll (D:11)
  A two-headed ogre (Orc:2)
  A wyvern (D:11)
  4 basilisks
  A trapdoor spider (D:11)
  2 grizzly bears
  3 ugly things (D:11)
  2 sharks (Lair:8)
  An elephant slug (Lair:5)
  A golden eye (shapeshifter) (Orc:3)
  Grum (D:10)
  12 yaks
  A hungry ghost (D:8)
  A deep elf fighter (Orc:3)
  8 hippogriffs
  10 wolves
  2 manticores (Lair:4)
  6 necrophages (Lair:3)
  A hell hound (Lair:4)
  8 porcupines
  2 phantoms
  3 black bears
  4 ice beasts
  25 orc warriors
  A sky beast (D:10)
  5 centaurs
  A giant goldfish (Lair:8)
  7 ogres
  10 crocodiles
  The ghost of Bikalo the Sneak, an average SpEn (D:3)
  A big kobold (D:10)
  Sigmund (D:7)
  7 water moccasins
  8 giant slugs
  6 wargs
  10 agate snails
  17 giant frogs
  3 killer bees (D:11)
  2 electric eels (Lair:8)
  2 quasits
  13 crimson imps
  29 orc priests
  5 goliath beetles
  9 hounds
  3 jellies
  Crazy Yiuf (D:7)
  A scorpion (D:11)
  8 iguanas
  22 orc wizards
  11 worker ants
  6 sheep (Lair:4)
  Ijyb (D:7)
  3 gnolls (Lair:7)
  2 giant centipedes
  26 adders
  A giant mite (D:1)
  37 green rats
  2 inept feature mimics (D:9)
  2 worms
  A goliath beetle zombie (D:11)
  An iguana skeleton (D:6)
  A scorpion zombie (D:5)
  A giant eyeball (D:5)
  An ooze (D:4)
  131 orcs
  2 giant cockroaches
  18 goblins
  20 hobgoblins
  26 jackals
  6 quokkas
  23 bats
  15 giant geckos
  5 giant newts
  2 giant spores
  A gnoll skeleton (D:7)
  2 hobgoblin skeletons
  12 kobolds
  21 rats
  A rat skeleton (D:3)
  A fungus (Lair:4)
737 creatures vanquished.

Vanquished Creatures (collateral kills)
  2 wolves (Lair:7)
  5 orcs (Orc:4)
7 creatures vanquished.

Vanquished Creatures (others)
  13 fulminant prisms
  2 kobolds (D:10)
  3 fungi
  4 plants
22 creatures vanquished.

Grand Total: 766 creatures vanquished

Notes
Turn   | Place    | Note
--------------------------------------------------------------
     0 | D:1      | PolkaDot, the Vampire Enchanter, began the quest for the Orb.
     0 | D:1      | Reached XP level 1. HP: 13/13 MP: 4/4
    86 | D:1      | Reached XP level 2. HP: 7/19 MP: 5/5
   710 | D:1      | Found a sparkling altar of Nemelex Xobeh.
   888 | D:1      | Reached XP level 3. HP: 24/24 MP: 7/7
  1774 | D:2      | Learned a level 3 spell: Confuse
  2454 | D:3      | Reached XP level 4. HP: 30/30 MP: 9/9
  2529 | D:3      | Reached skill level 5 in Hexes
  2647 | D:3      | Noticed Bikalo's ghost (average SpEn)
  2659 | D:3      | Killed Bikalo's ghost
  2659 | D:3      | Reached skill level 5 in Stealth
  2659 | D:3      | Reached XP level 5. HP: 21/35 MP: 7/11
  3031 | D:3      | Learned a level 4 spell: Enslavement
  3075 | D:3      | Reached skill level 6 in Hexes
  3312 | D:3      | Reached XP level 6. HP: 35/41 MP: 7/13
  3728 | D:3      | Learned a level 2 spell: Ensorcelled Hibernation
  4345 | D:4      | Found a shattered altar of Ashenzari.
  4369 | D:4      | Became a worshipper of Ashenzari the Shackled
  4485 | D:4      | Found a shimmering altar of Xom.
  4713 | D:4      | Found a staircase to the Ecumenical Temple.
  4728 | Temple   | Entered the Ecumenical Temple
  5187 | D:5      | Entered Level 5 of the Dungeon
  5250 | D:5      | Found a sparkling altar of Nemelex Xobeh.
  5272 | D:5      | Found a white marble altar of Elyvilon.
  5382 | D:5      | Reached skill level 1 in Shields
  5453 | D:5      | Reached skill level 7 in Hexes
  5591 | D:5      | Reached XP level 7. HP: 44/44 MP: 10/15
  6672 | D:7      | Reached skill level 8 in Stealth
  6672 | D:7      | Reached XP level 8. HP: 50/50 MP: 14/18
  6920 | D:7      | Reached skill level 9 in Stealth
  6982 | D:7      | Acquired Ashenzari's first power
  7000 | D:7      | Learned a level 6 spell: Invisibility
  7105 | D:7      | Noticed Ijyb
  7107 | D:7      | Killed Ijyb
  7122 | D:7      | Noticed Sigmund
  7160 | D:7      | Killed Sigmund
  7193 | D:7      | Reached skill level 5 in Spellcasting
  7560 | D:7      | Noticed Crazy Yiuf
  7569 | D:7      | Killed Crazy Yiuf
  7569 | D:7      | Reached skill level 10 in Hexes
  7610 | D:8      | Found a staircase to the Orcish Mines.
  7619 | D:8      | Reached XP level 9. HP: 55/55 MP: 19/21
  7773 | D:8      | Found a staircase to the Lair.
  7775 | D:8      | Noticed a komodo dragon
  7942 | D:8      | Killed a komodo dragon
  7942 | D:8      | Reached skill level 10 in Stealth
  8010 | D:8      | Reached skill level 11 in Hexes
  8018 | D:8      | Found Braurch's Antique Weapon Shop.
  8275 | D:8      | Reached skill level 1 in Ice Magic
  8648 | D:9      | Reached skill level 12 in Hexes
  8778 | D:9      | Identified the amulet of Balance {Stasis Str+4 Dam+4}
  8812 | D:9      | Acquired Ashenzari's second power
  8888 | D:9      | Found a glowing golden altar of the Shining One.
  8978 | D:9      | Found a burning altar of Makhleb.
  9259 | D:10     | Entered Level 10 of the Dungeon
  9270 | D:10     | Reached XP level 10. HP: 61/61 MP: 2/22
  9451 | D:10     | Noticed Erica
  9457 | D:10     | Killed Erica
  9457 | D:10     | Reached skill level 13 in Hexes
  9553 | D:10     | Found a glowing golden altar of the Shining One.
  9557 | D:10     | Noticed Grum
  9581 | D:10     | Killed Grum
  9727 | D:10     | Found Icau's Jewellery Emporium.
  9730 | D:10     | Noticed a hill giant
  9744 | D:10     | Killed a hill giant
  9876 | D:10     | Reached skill level 14 in Hexes
  9940 | D:11     | Identified the cursed -2,+1 hand axe "Pruxau Numi" {antimagic, Dex+1 Int+1 Stlth++}
  9940 | D:11     | Noticed a hill giant
  9945 | D:11     | Killed a hill giant
 10000 | D:11     | Acquired Ashenzari's third power
 10085 | D:11     | Reached skill level 5 in Ice Magic
 10207 | D:11     | Reached XP level 11. HP: 66/66 MP: 16/24
 10311 | D:11     | Noticed a hill giant
 10355 | D:11     | Killed a hill giant
 10653 | D:11     | Noticed an unseen horror
 10657 | D:11     | Reached skill level 15 in Stealth
 10689 | D:11     | Killed an unseen horror
 10689 | D:11     | Reached skill level 15 in Hexes
 10943 | Lair:1   | Entered Level 1 of the Lair of Beasts
 11116 | Lair:1   | Gained mutation: You are frail (-10% HP). [potion of mutation]
 11116 | Lair:1   | Gained mutation: Armour fits poorly on your strangely shaped body. [potion of mutation]
 11117 | Lair:1   | Gained mutation: You are very frail (-20% HP). [potion of mutation]
 11117 | Lair:1   | Gained mutation: Your magical capacity is low (-10% MP). [potion of mutation]
 11117 | Lair:1   | Lost mutation: Your magical capacity is low (-10% MP). [potion of mutation]
 11990 | Lair:2   | Acquired Ashenzari's fourth power
 12092 | Lair:2   | Identified a scroll of acquirement
 12110 | Lair:2   | Noticed patman's ghost (experienced HOGl)
 12158 | Lair:2   | Killed patman's ghost
 12749 | Lair:2   | Reached skill level 16 in Stealth
 12760 | Lair:2   | Reached skill level 5 in Short Blades
 13428 | Lair:3   | Noticed disskorpion's ghost (powerful DEFE)
 13439 | Lair:3   | Learned a level 5 spell: Fulminant Prism
 13617 | Lair:3   | Killed disskorpion's ghost
 13617 | Lair:3   | Reached skill level 1 in Conjurations
 13640 | Lair:3   | Reached XP level 12. HP: 20/59 MP: 22/25
 13853 | Lair:3   | Noticed Maud
 13864 | Lair:3   | Killed Maud
 15141 | Lair:4   | Noticed Bastard's ghost (powerful HaBe)
 15327 | Lair:4   | Reached skill level 17 in Stealth
 16362 | Lair:5   | Reached XP level 13. HP: 63/63 MP: 14/26
 16642 | Lair:5   | Found a staircase to the Shoals.
 16746 | Lair:6   | Identified the cursed +1,-1 falchion of Koto {freeze, +Blink +Rage}
 16817 | Lair:6   | Found a staircase to the Snake Pit.
 17124 | Lair:7   | Reached skill level 18 in Stealth
 17171 | Lair:7   | Reached skill level 5 in Dodging
 17493 | Lair:7   | Identified the ring of the Establishment {Hunger- Int+3}
 17803 | Lair:8   | Entered Level 8 of the Lair of Beasts
 17804 | Lair:8   | PolkaDot: Been summoned, brb
 17806 | Lair:8   | Identified the cursed -3 robe "Muing" {Dex+5}
 18322 | Lair:8   | Found a staircase to the Slime Pits.
 18322 | Lair:8   | Found a viscous altar of Jiyva.
 18540 | Lair:8   | Reached skill level 19 in Stealth
 18659 | Lair:8   | Identified the ring "Mnehodu" {Ice Int+1}
 19179 | Shoals:1 | Entered Level 1 of the Shoals
 19180 | Shoals:1 | Wintrow: You survived the hydra :) nice!
 19182 | Lair:5   | Wintrow: Also, good evening. :)
 19182 | Lair:5   | PolkaDot: Hydra's are fun :p
 19182 | Lair:5   | PolkaDot: Catobeplas scares me though
 19307 | Lair:2   | PolkaDot: Eh, no the best selection of rings ever, any suggestions?
 19307 | Lair:2   | Wintrow: no idea
 19307 | Lair:2   | PolkaDot: I'll just go witha stat boost then ^^
 19307 | Lair:2   | Wintrow: flight is always nice and stealthy
 19307 | Lair:2   | PolkaDot: ^ there is that
 19307 | Lair:2   | Wintrow: but just stealth on the ring is meh
 19307 | Lair:2   | PolkaDot: though, I tend to bat form for flighty thigns
 19307 | Lair:2   | Wintrow: +3 int is nice, you're bloodless anyway
 19307 | Lair:2   | PolkaDot: It'll especially useful when I get a nuke online :D
 19307 | Lair:2   | Wintrow: :)
 19317 | Lair:2   | Wintrow: what does the ring of protection from magic do anyway? % chance to resist spells?
 19324 | Lair:2   | PolkaDot: MR, resists enchantments like confuse, paralyze etc
 19325 | Lair:2   | PolkaDot: being a vampire gives me that as I level up anyway
 19325 | Lair:2   | Wintrow: but it wont help vs mummies or torment right?
 19325 | Lair:2   | PolkaDot: not as far as I know
 19325 | Lair:2   | PolkaDot: I do get Torment resist anyway though, because bloodless
 19425 | Lair:2   | PolkaDot: dem resists ^^
 19425 | Lair:2   | PolkaDot: can't use the beneficial-mut potions though, I'll rot :(
 19425 | Lair:2   | PolkaDot: Now, to orc!
 19477 | Orc:1    | Entered Level 1 of the Orcish Mines
 19480 | Orc:1    | Found Psutzu's Armour Shop.
 19505 | Orc:1    | Bought the +1 buckler of Supple Strength {rElec Dam+4 SInv} for 621 gold pieces
 19719 | Orc:1    | Wintrow: my last death :( orc priest smote my undead ass :)
 19885 | Orc:1    | Wintrow: you make it look so easy :)
 19885 | Orc:1    | PolkaDot: I detest the priests, early game nightmare ~.~
 19885 | Orc:1    | PolkaDot: Easy? Practice :p
 20084 | Orc:1    | Reached XP level 14. HP: 68/68 MP: 21/27
 20523 | Orc:2    | Identified Sif Muna's Incunabulum of Combat Magic
 20717 | Orc:2    | Gained mutation: You are resistant to electric shocks. [potion of beneficial mutation]
 20718 | Orc:2    | PolkaDot: I forgot about the Mut poiton I ID'd... Kinda don't wanna quaff the cure now, might lose my rE
 20718 | Orc:2    | PolkaDot: xD
 20815 | Orc:2    | Found a deep blue altar of Sif Muna.
 20933 | Orc:2    | Wintrow: how is your stealth skill?
 21223 | Orc:3    | Wintrow: :) really really good
 21223 | Orc:3    | PolkaDot: I tend to leave that and hexes on until they reach 27 with Ash's help
 21223 | Orc:3    | Wintrow: +4 hexes, +5 stealth from vampire. I think being bloodless makes you even more stealthier as well.
 21223 | Orc:3    | Wintrow: vampires are awesome. I like naga to
 21223 | Orc:3    | PolkaDot: Yep. got the apt, might as well use 'em
 21223 | Orc:3    | PolkaDot: Never played naga, might have a go after my first win
 21510 | Orc:3    | Found a staircase to the Elven Halls.
 21811 | Orc:4    | Entered Level 4 of the Orcish Mines
 22085 | Orc:4    | Found a radiant altar of Vehumet.
 22152 | Orc:4    | Wintrow: +3 dagger of protection vs your +5 dagger?
 22159 | Orc:4    | Found Fenk's Armour Emporium.
 22189 | Orc:4    | Wintrow: eh :)
 22189 | Orc:4    | PolkaDot: Curse scrolls are in my stash, but since I only melee if I pretty much can't lose, what's the extra AC matter?
 22189 | Orc:4    | PolkaDot: :p
 22189 | Orc:4    | Wintrow: true that
 22189 | Orc:4    | Wintrow: if a cantaur shows up you can always invis
 22189 | Orc:4    | PolkaDot: I will change for something better eventually, it just doesn't matter in ORc
 22189 | Orc:4    | PolkaDot: ... Cantaur?
 22189 | Orc:4    | Wintrow: Centaur archer
 22189 | Orc:4    | PolkaDot: You had me worried for a sec XD
 22226 | Orc:4    | Wintrow: though not in orc, nevermind I'm tired and not making sense but I don't want to sleep yet :)
 22241 | Orc:4    | PolkaDot: s'all good. watch more thigns die :)
 22300 | Orc:4    | Wintrow: you on one monitor, starcraft 2 video on the other :)
 22307 | Orc:4    | Wintrow: thats a lot of orcs
 22307 | Orc:4    | Wintrow: all priests to
 22307 | Orc:4    | PolkaDot: AND THEY WOKE UP
 22307 | Orc:4    | Wintrow: I'll type more quietly
 22307 | Orc:4    | PolkaDot: Good news; most of them are here and I have a mini nuke
 22307 | Orc:4    | PolkaDot: bad news: they're intelligent and may break the prism early
 22352 | Orc:4    | Wintrow: some demons have true sight
 22352 | Orc:4    | PolkaDot: Hm. Time to run away.
 22352 | Orc:4    | Wintrow: scroll of fog and walk away?
 22359 | Orc:4    | PolkaDot: I think I may have ID'd the only that spawned...
 22359 | Orc:4    | Wintrow: :)
 22476 | Orc:4    | Bought the +0 pair of boots of the Good {rElec} for 420 gold pieces
 22479 | Orc:4    | Bought a +0 cap of intelligence for 140 gold pieces
 22536 | Orc:4    | Wintrow: it has see invis
 22548 | Orc:4    | Wintrow: *it = he/she
 22663 | Orc:4    | PolkaDot: Eh, had to check
 22663 | Orc:4    | Wintrow: I type slow :)
 22671 | Orc:4    | PolkaDot: S'all, I'm occasionally paranoid
 22671 | Orc:4    | PolkaDot: Kind of necessary to stay alive sometimes :D
 22671 | Orc:4    | Wintrow: thats good :)
 22671 | Orc:4    | PolkaDot: s'all good*
 22713 | Orc:4    | Wintrow: lol, you're TO stealthy
 22728 | Orc:4    | PolkaDot: the irony xD
 22744 | Orc:4    | Wintrow: and that with your bright red shoes and dapper hat :)
 22746 | Orc:4    | PolkaDot: I've been considering changing the appearance of my tile, but meh, effort
 22843 | Orc:4    | Killed from afar by an orc high priest

Action                   |  1- 3 |  4- 6 |  7- 9 | 10-12 | 13-15 || total
-------------------------+-------+-------+-------+-------+-------++-------
Melee: Dagger            |   177 |   192 |   217 |   385 |   525 ||  1496
Throw: Dart              |     1 |       |     2 |       |       ||     3
 Cast: Corona            |     2 |       |       |     4 |    21 ||    27
       Confuse           |     1 |    19 |    19 |    18 |     3 ||    60
       Ensorcelled Hiber |       |    31 |    96 |   144 |   118 ||   389
       Invisibility      |       |       |     6 |    20 |    19 ||    45
       Fulminant Prism   |       |       |       |     9 |     4 ||    13
       Enslavement       |       |       |       |       |     8 ||     8
 Abil: End Transformatio |       |       |       |       |     1 ||     1
       Bat Form          |       |       |       |       |     1 ||     1
       Bottle Blood      |       |       |       |       |     6 ||     6
Evoke: Wand              |     1 |       |       |       |    10 ||    11
  Use: Potion            |       |    16 |     2 |    13 |     7 ||    38
       Scroll            |       |     4 |    17 |    24 |     9 ||    54
 Stab: Sleeping          |     8 |    34 |    87 |   182 |   169 ||   480
       Confused          |     1 |     9 |     7 |     6 |     1 ||    24
       Distracted        |       |       |     1 |     1 |     1 ||     3
       Invisible         |       |       |     4 |    29 |    66 ||    99
